 Dungeon Crawl Stone Soup version 0.17-a0-81-g781747f (webtiles) character file.

77 BluebellGnoll the Sneak (level 4, -3/30 HPs)
             Began as an Octopode Transmuter on Mar 15, 2015.
             Killed from afar by Sigmund (10 damage)
             ... with a magic dart
             ... on level 2 of the Dungeon.
             The game lasted 00:05:36 (1445 turns).

BluebellGnoll the Sneak (Octopode Transmuter)       Turns: 1445, Time: 00:05:36

Health: -3/30      AC:  1    Str:  9    XL:     4   Next: 33%
Magic:  6/7        EV: 13    Int: 16    God:
Gold:   101        SH:  0    Dex: 17    Spells: 3 memorised, 1 level left

rFire  . . .     SeeInvis .       - Unarmed
rCold  . . .     Clarity  .     (no shield)
rNeg   . . .     SustAb   .     (helmet restricted)
rPois  .         Gourm    .     (no amulet)
rElec  .         Spirit   .     (no ring)
rCorr  .         Warding  .     e - +5 ring of dexterity
rMut   .         Stasis   .     (no ring)
MR     .....                    (no ring)
Stlth  ++++......               (no ring)
                                (no ring)
                                (no ring)
                                (no ring)

@: appendage (expiring), very slightly contaminated, hasted, very quick, not
resistant to hostile enchantments, stealthy
A: almost no armour, amphibious, 8 rings, constrict 8, tentacle spike 3,
camouflage 1, gelatinous body 1
a: End Transformation


You were on level 2 of the Dungeon.
You were not hungry.
One of your tentacles had a temporary spike.
You visited 1 branch of the dungeon, and saw 2 of its levels.

You collected 101 gold pieces.

Inventory:

Missiles
 b - 24 arrows
 f - 17 stones (quivered)
 i - 2 throwing nets
 s - 11 poisoned needles
Jewellery
 e - a +5 ring of dexterity (right tentacle)
 o - an uncursed ring of ice
Magical devices
 q - a wand of digging (24)
Scrolls
 k - 2 scrolls of enchant armour
Potions
 g - 2 potions of might {unknown}
 h - 2 potions of haste
 m - a potion of mutation {unknown}
 n - a potion of agility {unknown}
 r - a potion of degeneration {unknown}
Books
 d - a book of Changes

   Spells                             Type                      Level
   a - Beastly Appendage              Transmutation                1
   b - Sticks to Snakes               Transmutation                2
   c - Spider Form                    Transmutation/Poison         3
   d - Ice Form                       Ice/Transmutation            4
   e - Blade Hands                    Transmutation                5
Comestibles
 a - 2 bread rations
 c - 3 chunks of flesh
 j - 2 meat rations


   Skills:
 - Level 2.4 Fighting
 - Level 2.0 Dodging
 + Level 4.4 Stealth
 - Level 3.0 Unarmed Combat
 - Level 2.0 Spellcasting
 - Level 2.0 Transmutations


You had one spell level left.
You knew the following spells:

 Your Spells              Type           Power        Failure   Level  Hunger
a - Beastly Appendage     Trmt           #.....       10%         1    #......
b - Sticks to Snakes      Trmt           #.........   14%         2    ###....
c - Spider Form           Trmt/Pois      #.........   38%         3    ###....


Dungeon Overview and Level Annotations

Branches:
Dungeon (2/15)

Altars:
Ru

Annotations:
D:2 Sigmund


Innate Abilities, Weirdness & Mutations

You cannot wear most types of armour.
You are amphibious.
You can wear up to eight rings at the same time.
You can use your tentacles to constrict many enemies at once.
Your skin changes colour to match your surroundings (Stealth).
Your rubbery body absorbs attacks (AC +1).
One of your tentacles bears a large vicious spike.


Message History

Sigmund gestures at you while chanting. The magic dart hits you!
The adder bites you.
* * * LOW HITPOINT WARNING * * *
You are too injured to fight recklessly!
You are too injured to fight recklessly!
You are too injured to fight recklessly!
Unknown command.
You barely miss the adder. Your grab misses the adder.
Your tentacle spike misses the adder.
The adder is moderately wounded.
The adder completely misses you. Sigmund closely misses you.
You closely miss the adder. You grab the adder.
You pierce the adder.
The adder is heavily wounded.
You constrict the adder. The adder barely misses you.
You tentacle-slap the adder.
You kill the adder!
Sigmund smiles chillingly.
Sigmund casts a spell at you. The magic dart hits you!
You die...

#.# !.# ####.#
#...)# #....#
#####....#
.......).#
......##†# §
(.....##†###+.§§§
§
......@.@.....§§§
......##†.(..####
.... +.....# ...
#.....# . ......#
......# .######
.. #


You could see Sigmund.

Vanquished Creatures
  Jessica (D:2)
  2 adders (D:2)
  2 giant geckos (D:1)
  A ball python (D:1)
  A giant cockroach (D:1)
  7 hobgoblins
  An ooze (D:2)
  6 bats
  3 goblins
  7 jackals
  5 kobolds
  5 rats
41 creatures vanquished.

Vanquished Creatures (others)
  A goblin (D:2)
  A giant cockroach (D:2)
2 creatures vanquished.

Grand Total: 43 creatures vanquished

Notes
Turn   | Place    | Note
--------------------------------------------------------------
     0 | D:1      | BluebellGnoll, the Octopode Transmuter, began the quest for the Orb.
     0 | D:1      | Reached XP level 1. HP: 13/13 MP: 3/3
    10 | D:1      | Reached skill level 1 in Stealth
   225 | D:1      | Reached XP level 2. HP: 14/19 MP: 2/4
   232 | D:1      | Learned a level 2 spell: Sticks to Snakes
   944 | D:1      | Reached XP level 3. HP: 23/25 MP: 6/6
   952 | D:1      | Learned a level 3 spell: Spider Form
  1378 | D:2      | Found a sacrificial altar of Ru.
  1417 | D:2      | Noticed Jessica
  1427 | D:2      | Killed Jessica
  1427 | D:2      | Reached skill level 4 in Stealth
  1427 | D:2      | Reached XP level 4. HP: 21/30 MP: 5/7
  1440 | D:2      | Noticed Sigmund
  1445 | D:2      | Killed from afar by Sigmund

Action                   |  1- 3 |  4- 6 || total
-------------------------+-------+-------++-------
Melee: Unarmed           |    65 |    10 ||    75
 Cast: Beastly Appendage |    19 |       ||    19
  Use: Scroll            |     6 |       ||     6
       Potion            |     1 |       ||     1
 Stab: Sleeping          |     6 |       ||     6
  Eat: Chunk             |     2 |       ||     2
